 Dungeon Crawl Stone Soup version 0.21.1-1-g345015f (webtiles) character file.

45 Monsterracer the Sneak (level 3, -1/28 HPs)
             Began as a Naga Enchanter on July 11, 2018.
             Slain by a goblin
             ... wielding a +0 dagger
              (4 damage)
             ... on level 2 of the Dungeon.
             The game lasted 00:04:19 (1489 turns).

Monsterracer the Sneak (Naga Enchanter)             Turns: 1489, Time: 00:04:20

Health: -1/28      AC:  2    Str: 10    XL:     3   Next: 64%
Magic:  6/6        EV: 10    Int: 16    God:
Gold:   40         SH:  0    Dex: 11    Spells: 0/6 levels left

rFire    . . .     SeeInvis +     - Unarmed
rCold    . . .     Gourm    .   (no shield)
rNeg     . . .     Faith    .   a - +0 robe
rPois    +         Spirit   .   (no helmet)
rElec    .         Reflect  .   (no cloak)
rCorr    .         Harm     .   (no gloves)
MR       .....                  (no barding)
Stlth    ++........             (no amulet)
HPRegen  0.09/turn              (no ring)
MPRegen  0.10/turn              (no ring)

@: very slow
A: large, see invisible, deformed body, poison resistance, slowness 2, slow
metabolism 1, spit poison 1, AC +1
a: Spit Poison


You were on level 2 of the Dungeon.
You were hungry.

You visited 1 branch of the dungeon, and saw 2 of its levels.

You collected 40 gold pieces.

Inventory:

Hand Weapons
 b - a +1 dagger
Armour
 a - a +0 robe (worn)
Scrolls
 f - a scroll of identify
Potions
 e - a potion of flight
Books
 d - a book of Maledictions

   Spells                             Type                      Level
   a - Corona                         Hexes                        1
   b - Ensorcelled Hibernation        Hexes/Ice                    2
   c - Confuse                        Hexes                        3
   d - Tukima's Dance                 Hexes                        3
   e - Dazzling Spray                 Conjuration/Hexes            3
Comestibles
 c - 2 rations


   Skills:
 - Level 1.0 Short Blades
 - Level 1.5 Dodging
 - Level 4.4 Stealth
 + Level 3.1 Unarmed Combat
 - Level 2.0 Spellcasting
 - Level 3.0 Hexes


You couldn't memorise any spells.
You knew the following spells:

 Your Spells              Type           Power        Failure   Level  Hunger
a - Corona                Hex            ##.....      6%          1    #......
b - Ensorcelled Hibernat  Hex/Ice        #.....       17%         2    ###....
c - Confuse               Hex            ##......     19%         3    ###....


Dungeon Overview and Level Annotations

Branches:
Dungeon (2/15)

Altars:


Innate Abilities, Weirdness & Mutations

You cannot wear boots.
Your serpentine skin is tough. (AC +1)
You have supernaturally acute eyesight. (SInv)
Armour fits poorly on your strangely shaped body.
Your system is resistant to poisons. (rPois)
You cover ground very slowly.
You have a slow metabolism.
You can spit poison.


Message History

a frilled lizard corpse; a leopard gecko corpse You see here a frilled lizard corpse.
Things that are here:
a frilled lizard corpse x2
There is a stone staircase leading down here.
You climb downwards.
A frilled lizard comes into view.
Found three items.
There is a stone staircase leading up here.
A frilled lizard is nearby!
You see here a scroll labeled HUNIBR DIFACO.
h - a scroll labeled HUNIBR DIFACO The frilled lizard bites you.
You barely miss the frilled lizard.
The frilled lizard completely misses you.
You take 1 damage, and have 27/28 hp.
You miss the frilled lizard.
The frilled lizard bites you but does no damage.
You hit the frilled lizard.
You kill the frilled lizard!
Health restored: 28 No target in view!
f - 3 scrolls labeled YKLAIR LIESITE (gained 1)
You now have 40 gold pieces (gained 5).
Found a stone staircase leading down.
A goblin comes into view. It is wielding a dagger.
A goblin is nearby!
The goblin shouts!
You hear an angry hiss.
An adder and an ice beast come into view.
The goblin barely misses you. The ice beast hits you.
The ice beast freezes you!
Found an escape hatch in the ceiling.
You take 12 damage, and have 16/28 hp.
MASSIVE DAMAGE!!
You are too injured to fight recklessly!
You are too injured to fight recklessly!
You are too injured to fight recklessly!
Okay, then.
Okay, then.
As you read the scroll labeled YKLAIR LIESITE, it crumbles to dust.
It is a scroll of identify.
e - a potion of flight The goblin hits you with a dagger.
* * * LOW HITPOINT WARNING * * *
The ice beast barely misses you.
You take 2 damage, and have 14/28 hp.
As you read the scroll labeled HUNIBR DIFACO, it crumbles to dust.
You hear the ringing of an enormous bell.
It was a scroll of random uselessness.
The adder barely misses you. The goblin hits you with a dagger.
* * * LOW HITPOINT WARNING * * *
The ice beast closely misses you.
You take 3 damage, and have 11/28 hp.
Okay, then.
The adder bites you.
* * * LOW HITPOINT WARNING * * *
As you read the scroll of identify, it crumbles to dust.
g - a potion of curing The adder completely misses you.
The adder closely misses you.
Press: ? - help, Shift-Dir - straight line, f - adder
Aim: an adder The splash of poison hits the adder.
The adder is poisoned.
The adder is severely wounded.
You feel slightly more hungry. The adder bites you.
* * * LOW HITPOINT WARNING * * *
The adder bites you but does no damage.
You take 3 damage, and have 8/28 hp.
You are feeling hungry.
You barely miss the adder.
The adder is severely wounded.
The adder bites you.
* * * LOW HITPOINT WARNING * * *
You take 2 damage, and have 6/28 hp.
You have got your breath back.
The adder closely misses you.
Press: ? - help, Shift-Dir - straight line, f/p - adder
Aim: an adder (severely wounded, poisoned)
The splash of poison hits the adder.
You kill the adder!
Your Unarmed Combat skill increases to level 3!
You feel slightly more hungry.
Unknown command.
The goblin hits you with a dagger.
* * * LOW HITPOINT WARNING * * *
You take 3 damage, and have 3/28 hp.
You have got your breath back.
The goblin closely misses you. The goblin hits you with a dagger.
* * * LOW HITPOINT WARNING * * *
You take 3 damage, and have 1/28 hp.
You feel better. The goblin hits you but does no damage.
You regained 5 hp, and now have 6/28 hp.
The goblin hits you with a dagger.
* * * LOW HITPOINT WARNING * * *
You take 5 damage, and have 1/28 hp.
The goblin barely misses you. The goblin closely misses you.
The goblin hits you but does no damage. The ice beast closely misses you.
The goblin hits you with a dagger.
You die...

#.. ####.#####..
...
######..........#
.<..
.................
###..
#####.........#.#
##. #.........#
#.........#
#.........#
#Yg.......#
#@######+## ###


You could see an ice beast and a goblin.

Vanquished Creatures
  An adder (D:2)
  An ooze (D:1)
  A dart slug (D:1)
  A leopard gecko (D:1)
  2 bats (D:1)
  A giant cockroach (D:1)
  A goblin (D:1)
  4 hobgoblins (D:1)
  A kobold (D:1)
  16 frilled lizards
  5 rats (D:1)
34 creatures vanquished.

Notes
Turn   | Place    | Note
-------+----------+-------------------------------------------
     0 | D:1      | Monsterracer the Naga Enchanter began the quest for the Orb.
     0 | D:1      | Reached XP level 1. HP: 15/15 MP: 3/3
     5 | D:1      | HP: 5/15 [dart slug/slug dart (6)]
    10 | D:1      | HP: 3/15 [dart slug (2)]
    14 | D:1      | Reached skill level 1 in Unarmed Combat
   262 | D:1      | Reached XP level 2. HP: 12/22 MP: 3/5
   266 | D:1      | Learned a level 2 spell: Ensorcelled Hibernation
   988 | D:1      | Reached XP level 3. HP: 28/28 MP: 6/6
   993 | D:1      | Learned a level 3 spell: Confuse
  1461 | D:2      | Noticed an ice beast
  1462 | D:2      | HP: 14/28 [goblin/dagger (2)]
  1467 | D:2      | HP: 8/28 [adder (3)]
  1471 | D:2      | HP: 3/28 [goblin/dagger (3)]
  1476 | D:2      | HP: 1/28 [goblin/dagger (3)]
  1489 | D:2      | Slain by a goblin

Skill      XL: |  1  2  3 |
---------------+----------+-----
Unarmed Combat | 1 2 3 |  3.1
Short Blades   | |  1.0
Dodging        | |  1.5
Stealth        | |  4.4
Spellcasting   | |  2.0
Hexes          | |  3.0

Action                   || total
-------------------------++-------
Melee: Dagger            ||    55
       Unarmed           ||    32
 Cast: Corona            ||     8
 Abil: Spit Poison       ||    11
  Use: Scroll            ||     3
       Potion            ||     1
 Stab: Sleeping          ||     2
       Distracted        ||     2
  Eat: Chunk             ||     1
Armor: Robe              ||    16
Dodge: Dodged            ||    66

Vault maps used:
D:1:      minmay_arrival_four_loops, minmay_lizard_king
D:2:      okawaru_metal_pillars_1_2
